 Dungeon Crawl Stone Soup version bcrawl-1.18.1 (webtiles) character file.

Game seed: 15579033517483893879

246 Freyura the Skirmisher (level 5, -2/42 HPs)
             Began as a Demonspawn Fighter on Nov 13, 2019.
             Was an Initiate of Ru.
             Slain by a worker ant (4 damage)
             ... on level 4 of the Dungeon.
             The game lasted 00:07:37 (2437 turns).

Freyura the Skirmisher (Demonspawn Fighter)         Turns: 2437, Time: 00:07:38

Health: -2/42      AC: 10    Str: 16    XL:     5   Next: 84%
Magic:  5/5        EV:  8    Int: 10    God:    Ru [......]
Gold:   258        SH: 10    Dex: 13    Spells: 4/4 levels left

rFire    . . .     SeeInvis .   a - +0 long sword
rCold    . . .     Gourm    .   c - +0 shield
rNeg     . . .     Faith    .   b - +0 scale mail
rPois    .         Spirit   .   (helmet restricted)
rElec    .         Reflect  .   (no cloak)
rCorr    .         Harm     .   g - +1 pair of gloves
MR       .....                  s - +0 pair of boots
Stlth    ..........             (no amulet)
HPRegen  0.14/turn              (no ring)
MPRegen  0.09/turn              (no ring)

@: lethally poisoned (-2 -> -7)
A: horns 1, demonic guardian 1, spiny 1
a: Renounce Religion


You were on level 4 of the Dungeon.
You worshipped Ru.
Ru was noncommittal.
You were very hungry.

You visited 1 branch of the dungeon, and saw 4 of its levels.

You collected 258 gold pieces.

Inventory:

Hand Weapons
 a - a +0 long sword (weapon)
Armour
 b - a +0 scale mail (worn)
 c - a +0 shield (worn)
 g - a +1 pair of gloves (worn)
 s - a +0 pair of boots (worn)
Wands
 k - a wand of flame (11)
 t - a wand of iceblast (8)
Scrolls
 e - a scroll of identify
 h - a scroll of fog {unknown}
 l - a scroll of remove curse
Potions
 d - 2 potions of might
 i - a potion of mutation {unknown}
 n - a potion of berserk rage {unknown}
 p - a potion of heal wounds {unknown}
 q - a potion of degeneration {unknown}
 r - 2 potions of lignification {unknown}
Comestibles
 f - 4 rations {!d}


   Skills:
 + Level 3.8 Fighting
 * Level 3.4 Long Blades
 + Level 3.4 Armour
 + Level 2.0 Dodging
 + Level 3.4 Shields


You had 4 spell levels left.
You didn't know any spells.
Your spell library was empty.

Dungeon Overview and Level Annotations

Branches:
Dungeon (4/12)
 Temple: D:4-7

Altars:
Ru
Trog
Uskayaw
Vehumet


Innate Abilities, Weirdness & Mutations

You have a pair of small horns on your head.
A weak demonic guardian rushes to your aid.
You are partially covered in sharp spines.


Message History

The worker ant bites you.
You are poisoned.
The worker ant poisons you! The worm bites your white imp.
The bullfrog is struck by your spines.
The bullfrog hits you but does no damage.
You closely miss the bullfrog. You headbutt the bullfrog.
The bullfrog is severely wounded.
You feel sick.
Your white imp closely misses the worker ant.
The bullfrog hits you!
* * * LOW HITPOINT WARNING * * *
The worker ant is struck by your spines.
The worker ant bites you but does no damage.
Your scale mail prevents you from hitting the bullfrog.
The bullfrog is severely wounded.
You feel sick. The bullfrog is struck by your spines. The bullfrog hits you!
* * * LOW HITPOINT WARNING * * *
The worker ant is struck by your spines.
The worker ant bites you.
You die...

# ### ####.####### #..
...........# . ###.#
#.#####.##.# ..
...####.# #.##.# ...
#..#....# #.##.# .)..
#..#.##.# #.##.#
.....##..#.##.#####.##.#
..>..SF@...##.......##..
.....##a.#.#####.##.####
... #w5.5.......##.####
. ..............##.....
#..#.....#####.##..###
##.#.#.#.# ##...#..# #
......###.......#
.#.#.............#
#.#.#...###.....#.#


You could see a bullfrog, a worm, a worker ant, an adder, a friendly quasit and
a friendly white imp.

Vanquished Creatures
  Natasha (thrice) (D:3)
  A worker ant (D:4)
  Robin (D:3)
  2 gnolls (D:2)
  2 adders
  An ooze (D:2)
  4 worms (D:2)
  3 dart slugs
  5 leopard geckos
  4 orcs (D:4)
  2 ball pythons
  3 giant cockroaches
  8 hobgoblins
  6 jackals
  6 kobolds
  5 quokkas
  A bat (D:2)
  4 frilled lizards
  9 goblins
  A rat (D:3)
71 creatures vanquished.

Vanquished Creatures (collateral kills)
  2 gnolls (D:2)
  An orc (D:4)
  2 goblins (D:3)
5 creatures vanquished.

Grand Total: 76 creatures vanquished

Notes
Turn   | Place    | Note
-------+----------+-------------------------------------------
     0 | D:1      | Freyura the Demonspawn Fighter began the quest for the Orb.
     0 | D:1      | Reached XP level 1. HP: 18/18 MP: 1/1
   191 | D:1      | Gained mutation: A weak demonic guardian rushes to your
                  | aid. [demonic ancestry]
   191 | D:1      | Reached XP level 2. HP: 24/24 MP: 2/2
   646 | D:2      | Gained mutation: You have a pair of small horns on your
                  | head. [demonic ancestry]
   646 | D:2      | Reached XP level 3. HP: 17/29 MP: 3/3
   878 | D:2      | Reached skill level 1 in Dodging
   964 | D:2      | Found a sacrificial altar of Ru.
   975 | D:2      | Became a worshipper of Ru the Awakened
  1046 | D:2      | Gained mutation: You are partially covered in sharp spines.
                  | [demonic ancestry]
  1046 | D:2      | Reached XP level 4. HP: 29/35 MP: 4/4
  1146 | D:2      | Found a bloodstained altar of Trog.
  1601 | D:3      | Noticed Natasha
  1606 | D:3      | Killed Natasha
  1622 | D:3      | Noticed Natasha
  1629 | D:3      | Killed Natasha
  1629 | D:3      | Reached XP level 5. HP: 38/41 MP: 5/5
  1638 | D:3      | Noticed Robin
  1652 | D:3      | Killed Robin
  1837 | D:3      | Noticed Natasha
  1839 | D:3      | Found a hide-covered altar of Uskayaw.
  1845 | D:3      | Killed Natasha
  1992 | D:3      | Found a radiant altar of Vehumet.
  2437 | D:4      | HP: 2/42 [bullfrog (8)]
  2437 | D:4      | Slain by a worker ant

Skill      XL: |  1  2  3  4  5 |
---------------+----------------+-----
Long Blades    | 2 3 |  3.4
Dodging        | 1 2 |  2.0
Armour         | 3 |  3.4
Shields        | 3 |  3.4
Fighting       | |  3.8

Action                   |  1- 3 |  4- 6 || total
-------------------------+-------+-------++-------
Melee: Long sword        |   101 |   104 ||   205
       Headbutt          |     8 |    11 ||    19
Invok: Reject Sacrifices |       |     1 ||     1
  Use: Scroll            |       |     7 ||     7
  Eat: Chunk             |       |     4 ||     4
Armor: Scale mail        |    32 |    39 ||    71
Dodge: Dodged            |    32 |    31 ||    63
Block: Shield            |    50 |    61 ||   111
